 Dungeon Crawl Stone Soup version 0.20-a0-501-g0de2c2e (webtiles) character file.

119 crawlian the Slasher (level 5, -1/41 HPs)
             Began as a Barachian Gladiator on Jan 19, 2017.
             Slain by Grinder (3 damage)
             ... on level 3 of the Dungeon.
             The game lasted 00:04:08 (1510 turns).

crawlian the Slasher (Barachian Gladiator)          Turns: 1510, Time: 00:04:08

Health: -1/41      AC: 11    Str: 13    XL:     5   Next: 3%
Magic:  5/5        EV:  6    Int:  6    God:
Gold:   143        SH:  0    Dex: 10    Spells: 4/4 levels left

rFire    . . .     SeeInvis .   a - +0 long sword
rCold    . . .     Gourm    .   e - +3 chain mail
rNeg     . . .     Faith    .   (no shield)
rPois    .         Spirit   .   c - +0 helmet
rElec    .         Reflect  .   (no cloak)
rCorr    .         Harm     .   l - +0 pair of gloves
MR       .....                  (no boots)
Stlth    ..........             (no amulet)
Regen    0.2/turn               s - -2 ring of protection (curse)
                                m - -3 ring of dexterity (curse)

@: slow
A: swims, slowness 1, no potion heal 1, strong legs 1
a: Hop


You were on level 3 of the Dungeon.
You were very hungry.

You visited 1 branch of the dungeon, and saw 4 of its levels.

You collected 143 gold pieces.

Inventory:

Hand Weapons
 a - a +0 long sword (weapon)
Missiles
 d - 2 throwing nets (quivered)
Armour
 b - a +0 leather armour
 c - a +0 helmet (worn)
 e - a +3 chain mail (worn)
 l - a +0 pair of gloves (worn)
Jewellery
 m - a cursed -3 ring of dexterity (left hand)
 s - a cursed -2 ring of protection (right hand)
Wands
 q - a wand of random effects (18/48)
Scrolls
 h - 2 scrolls of identify {unknown}
 k - a scroll of enchant weapon {unknown}
 n - a scroll of remove curse {unknown}
 o - a scroll of immolation {unknown}
Potions
 i - a potion of lignification {unknown}
 p - a potion of curing
Comestibles
 f - a bread ration
 g - a royal jelly
 j - 4 fruits
 r - a meat ration


   Skills:
 + Level 3.5 Fighting
 * Level 5.3 Long Blades
 - Level 1.7 Throwing
 - Level 3.0 Dodging


You had 4 spell levels left.
You didn't know any spells.

Dungeon Overview and Level Annotations

Branches:
Dungeon (4/15)
 Temple: D:4-7

Altars:
Xom

Annotations:
D:3 Grinder
D:4 exclusion: upstairs


Innate Abilities, Weirdness & Mutations

You can swim through water.
You cover ground slowly.
You can hop short distances.
Potions are less effective at restoring your health.


Message History

You see here a green potion.
t - a green potion It was a potion of mutation.
You feel extremely strange.
Your vision blurs.
Your vision sharpens.
Your system partially rejects the healing effects of potions.
You hit Grinder.
Grinder is moderately wounded.
Grinder gestures at you. Pain shoots through your body!
Grinder barely misses you.
You hit Grinder but do no damage.
Grinder is moderately wounded.
Grinder gestures at you. Pain shoots through your body!
* * * LOW HITPOINT WARNING * * *
You hit Grinder.
Grinder is moderately wounded.
Grinder hits you.
* * * LOW HITPOINT WARNING * * *
You writhe in agony.
You die...

###.#####.....#.####.
#.......'.....'......
#.#.#####....)#.####.
#.#.# #.....#.# #.
#.#.# #.....#.####.
#.#.# #.....#......
#.#.# #######......
#.#)######## #......
#>.5@....... +......
#.....###### #......
#.....# #######
.......# ###.#####
####### #. #...... ..
#...... ... #......
######.


You could see Grinder.

Vanquished Creatures
  Natasha (D:4)
  4 adders
  2 oozes
  A dart slug (D:1)
  3 leopard geckos
  3 orcs
  5 bats
  5 giant cockroaches
  4 hobgoblins
  2 jackals (D:2)
  2 quokkas
  3 frilled lizards (D:3)
  3 goblins
  7 rats
45 creatures vanquished.

Notes
Turn   | Place    | Note
-------+----------+-------------------------------------------
     0 | D:1      | crawlian the Barachian Gladiator began the quest for the Orb.
     0 | D:1      | Reached XP level 1. HP: 16/16 MP: 1/1
   151 | D:1      | Reached XP level 2. HP: 22/23 MP: 2/2
   259 | D:1      | Reached skill level 4 in Long Blades
   463 | D:2      | Reached XP level 3. HP: 28/28 MP: 3/3
   496 | D:2      | Found a shimmering altar of Xom.
   496 | D:2      | Found a shimmering altar of Xom.
   496 | D:2      | Found a shimmering altar of Xom.
   496 | D:2      | Found a shimmering altar of Xom.
   497 | D:2      | Found a shimmering altar of Xom.
   605 | D:3      | Reached XP level 4. HP: 28/35 MP: 4/4
   982 | D:3      | Noticed an ogre
  1078 | D:4      | Reached skill level 5 in Long Blades
  1321 | D:4      | Noticed Natasha
  1340 | D:4      | Killed Natasha
  1468 | D:3      | Reached XP level 5. HP: 41/41 MP: 5/5
  1494 | D:3      | Noticed Grinder
  1507 | D:3      | Gained mutation: Scrolls take you a little longer to read. [potion of mutation]
  1507 | D:3      | Lost mutation: Scrolls take you a little longer to read. [potion of mutation]
  1507 | D:3      | Gained mutation: Potions are less effective at restoring your health. [potion of mutation]
  1510 | D:3      | HP: 2/41 [Grinder (6)]
  1510 | D:3      | Slain by Grinder

Vault maps used:
D:1:      dpeg_arrival_central
D:2:      xom_redecorated, first_bread
D:3:      uniq_grinder
D:4:      uniq_natasha, uniq_blork_the_orc, uniq_sigmund

Skill      XL: |  1  2  3  4 |
---------------+-------------+-----
Long Blades    | 4 5 |  5.3
Fighting       | 3 |  3.5
Throwing       | |  1.7
Dodging        | |  3.0

Action                   |  1- 3 |  4- 6 || total
-------------------------+-------+-------++-------
Melee: Long sword        |   124 |   125 ||   249
Throw: Throwing net      |       |     1 ||     1
 Abil: Hop               |       |     2 ||     2
  Use: Potion            |       |     2 ||     2
  Eat: Chunk             |       |     2 ||     2
Armor: Chain mail        |   128 |   129 ||   257
Dodge: Dodged            |    56 |    37 ||    93
       Rpst.: Long sword |    14 |    14 ||    28
